 Dungeon Crawl Stone Soup version 0.27-a0-59-gfbafd837a3 (webtiles) character file.

Game seed: 14228050188571132111

45 jmlagarto the Conjurer (level 3, -7/26 HPs)
             Began as a Ghoul Conjurer on Jan 8, 2021.
             Mangled by an orc
             ... wielding a +0 flail of protection
              (9 damage)
             ... on level 3 of the Dungeon.
             The game lasted 00:05:21 (2220 turns).

jmlagarto the Conjurer (Ghoul Conjurer)             Turns: 2220, Time: 00:05:22

Health: -7/26      AC:  2    Str: 10    XL:     3   Next: 64%
Magic:  2/5        EV: 12    Int: 14    God:
Gold:   53         SH:  0    Dex:  7    Spells: 5/6 levels left

rFire    . . .     SeeInvis .   b - +0 club
rCold    + . .     Faith    .   (no shield)
rNeg     + + +     Spirit   .   a - +0 robe
rPois    ∞         Reflect  .   (no helmet)
rElec    .         Harm     .   (no cloak)
rCorr    .         Rampage  .   (no gloves)
Will     .....                  (no boots)
Stlth    ++........             (no amulet)
HPRegen  0.00/turn              (no ring)
MPRegen  0.09/turn              (no ring)

@: hasted, very quick
A: claws 1, cold resistance 1, negative energy resistance 3, inhibited
regeneration, torment resistance, unbreathing
a: no special abilities


You were on level 3 of the Dungeon.
You visited 1 branch of the dungeon, and saw 3 of its levels.

You collected 53 gold pieces.

Inventory:

Hand Weapons
 b - a +0 club (weapon)
Armour
 a - a +0 robe (worn)
Scrolls
 c - 2 scrolls of identify
 d - 2 scrolls of remove curse
 f - a scroll of enchant weapon
 g - a scroll of magic mapping {unknown}


   Skills:
 + Level 2.0 Dodging
 + Level 2.5 Stealth
 + Level 0.1 Unarmed Combat
 + Level 2.0 Spellcasting
 + Level 4.0 Conjurations


You had 5 spell levels left.
You knew the following spells:

 Your Spells              Type           Power        Failure   Level
a - Magic Dart            Conj           48%          4%          1

Your spell library contained the following spells:

 Spells                   Type           Power        Failure   Level
 Searing Ray              Conj           24%          7%          2
 Dazzling Flash           Conj/Hex       14%          30%         3
 Fulminant Prism          Conj/Hex       3%           71%         4
 Iskenderun's Mystic Bla  Conj/Tloc      7%           71%         4


Dungeon Overview and Level Annotations

Branches:
Dungeon (3/15)

Altars:


Innate Abilities, Weirdness & Mutations

You thrive by killing the living.
You are immune to poison.
You have sharp fingernails.
Your flesh is cold resistant. (rC+)
You are immune to negative energy. (rN+++)
You do not regenerate when monsters are visible.
You are immune to unholy pain and torment.
You can survive without breathing.


Message History

Aiming: Magic Dart (safe; 4% risk of failure)
Press: ? - help, Shift-Dir - straight line, f/p - orc
Aim: an orc, wielding a +0 flail of protection and wearing a +0 leather armour (severely wounded, 0% to evade)
The magic dart hits the orc but does no damage.
The orc is severely wounded.
The orc hits you with a +0 flail of protection!
* * * LOW HITPOINT WARNING * * *
Unknown command.
Casting: Magic Dart (safe; 4% risk of failure)
Confirm with . or Enter, or press ? or * to list all spells.
Aiming: Magic Dart (safe; 4% risk of failure)
Press: ? - help, Shift-Dir - straight line, f/p - orc
Aim: an orc, wielding a +0 flail of protection and wearing a +0 leather armour (severely wounded, 0% to evade)
The magic dart hits the orc but does no damage.
The orc is severely wounded.
As you read the scroll labelled SAOXTU WAWEU, it crumbles to dust.
It is a scroll of identify.
f - a scroll of enchant weapon The orc hits you with a +0 flail of protection!
You die...

..
######.######
$..
#...o....)†.#
..#
#.####<####.#
##.# #.# #.#
.#...##.# #.#
......#.####.#
.............#
......#o######
.#...##@# ##.#
#.# #......#
#####..# #...
##.## .# .# .#


You could see an orc.

Vanquished Creatures
  A dart slug (D:1)
  A leopard gecko (D:2)
  2 orcs (D:3)
  A ball python (D:2)
  6 giant cockroaches
  4 goblins
  4 hobgoblins
  A quokka (D:2)
  4 bats
  4 frilled lizards
  4 kobolds (D:2)
  4 rats
36 creatures vanquished.

Notes
Turn   | Place    | Note
-------+----------+-------------------------------------------
     0 | D:1      | jmlagarto the Ghoul Conjurer began the quest for the Orb.
     0 | D:1      | Reached XP level 1. HP: 14/14 MP: 2/2
   213 | D:1      | Reached XP level 2. HP: 13/20 MP: 0/3
  1287 | D:2      | Reached XP level 3. HP: 26/26 MP: 0/4
  2176 | D:3      | Reached skill level 4 in Conjurations
  2220 | D:3      | Mangled by an orc

Illustrated notes

Levels and vault maps discovered:
D:1:      doesnt_arrival_eight_statues, layout_loops_ring
D:2:      layout_basic, minmay_puff
D:3:      layout_loops_ring, minmay_misc_feat_chi

Skill      XL: |  1  2  3 |
---------------+----------+-----
Dodging        | 2 |  2.0
Spellcasting   | 2 |  2.0
Conjurations   | 4 |  4.0
Stealth        | |  2.5
Unarmed Combat | |  0.1

Action                   || total
-------------------------++-------
Melee: Unarmed           ||    25
       Club              ||    10
 Cast: Magic Dart        ||    84
  Use: Potion            ||     4
       Scroll            ||     2
Armor: Robe              ||     8
Dodge: Dodged            ||    28

Table legend: (Time is in decaauts)
 A = Elapsed time spent in this place.
 B = Non-inter-level travel time spent in this place.
 C = Inter-level travel time spent in this place.
 D = Time resting spent in this place.
 E = Time spent auto-exploring this place.
 F = Levels seen in this place.
 G = Mean time per level.
                   A        B        C        D        E       F      G
               +--------+--------+--------+--------+--------+-----+--------+
         Total |   2209 |   2209 |      0 |      6 |   1919 |   3 |  736.3 |
       Dungeon |   2209 |   2209 |      0 |      6 |   1919 |   3 |  736.3 |
               +--------+--------+--------+--------+--------+-----+--------+

Top non-repeatable levels by time:
     D:2: 1166 daAuts
     D:1: 1003 daAuts
     D:3: 40 daAuts
